 Dungeon Crawl Stone Soup version 0.29.0-3-gbb0933ed62 (webtiles) character file.

Game seed: 8253300725027977820

11 gelatine the Ducker (level 2, 0/22 HPs)
             Began as a Demonspawn Gladiator on Aug 26, 2022.
             Was a Follower of Vehumet.
             Slain by a gnoll
             ... wielding a +0 spear
              (4 damage)
             ... on level 2 of the Dungeon.
             The game lasted 00:01:46 (1365 turns).

gelatine the Ducker (Demonspawn Gladiator)          Turns: 1365, Time: 00:01:47

Health: 0/22       AC:  3    Str: 14    XL:     2   Next: 13%
Magic:  2/2        EV: 12    Int:  9    God:    Vehumet [*.....]
Gold:   22         SH:  0    Dex: 14    Spells: 1/1 levels left

rFire   . . .      SeeInvis .   a - +0 war axe
rCold   . . .      Faith    .   (no shield)
rNeg    . . .      Spirit   .   b - +0 leather armour
rPois   .          Reflect  .   (helmet restricted)
rElec   .          Harm     .   (no cloak)
rCorr   .          Rampage  .   (no gloves)
Will    .....                   (no boots)
Stlth   +.........              (no amulet)
HPRegen 0.07/turn               (no ring)
MPRegen 0.08/turn               (no ring)

@: no status effects
A: antennae 1
a: Renounce Religion


You were on level 2 of the Dungeon.
You worshipped Vehumet.
Vehumet was aware of your devotion.
You visited 1 branch of the dungeon, and saw 2 of its levels.

You collected 22 gold pieces.

Inventory:

Hand Weapons
 a - a +0 war axe (weapon)
Missiles
 d - 3 throwing nets (quivered)
 e - a javelin
Armour
 b - a +0 leather armour (worn)
 c - a +0 helmet
Scrolls
 f - 3 scrolls of identify {unknown}
 h - 2 scrolls of immolation {unknown}
 i - a scroll of torment {unknown}
 j - a scroll of blinking {unknown}
 l - a scroll of fear {unknown}
 m - 3 scrolls of enchant armour {unknown}
 n - a scroll of noise {unknown}
Potions
 g - 3 potions of curing {unknown}
 k - a potion of magic {unknown}


   Skills:
 + Level 2.0 Fighting
 + Level 2.8 Axes
 + Level 1.8 Throwing
 + Level 0.5 Armour
 + Level 3.0 Dodging
 * Level 0.1 Spellcasting


You had one spell level left.
You didn't know any spells.
Your spell library contained the following spells:

 Spells                   Type           Power      Damage    Failure   Level
 Foxfire                  Conj/Fire      0%         2x1d4     45%         1
 Borgnjor's Revivificati  Necr           0%         N/A       100%        8
 Necromutation            Tmut/Necr      0%         N/A       100%        8
 Death's Door             Necr           0%         N/A       100%        9


Dungeon Overview and Level Annotations

Branches:
Dungeon (2/15)

Altars:
Vehumet


Innate Abilities, Weirdness & Mutations

You have a pair of small antennae on your head.


Message History

You kill the goblin!
Vehumet accepts your kill.
Things that are here:
a +0 dagger; a +0 sling; a goblin corpse A goblin comes into view.
It is wielding a +0 dagger.
A gnoll comes into view. It is wielding a +0 club.
You see here a +0 scale mail.
A gnoll comes into view. It is wielding a +0 spear.
The goblin hits you with a +0 dagger.
The gnoll moves out of view.
You slash the goblin!
You kill the goblin!
Vehumet accepts your kill.
Your Dodging skill increases to level 3!
A gnoll comes into view. It is wielding a +0 spear.
The gnoll shouts! x2
A giant cockroach comes into view.
Things that are here:
a +0 dagger; a goblin corpse The gnoll hits you from afar with a +0 spear.
Things that are here:
a +0 dagger; a goblin corpse The gnoll hits you with a +0 spear.
You slash the gnoll!
The gnoll is almost dead.
The gnoll misses you.
You barely miss the gnoll.
The gnoll is almost dead.
The gnoll closely misses you.
You closely miss the gnoll.
The gnoll is almost dead.
The gnoll hits you with a +0 spear.
The gnoll hits you from afar with a +0 spear.
* * * LOW HITPOINT WARNING * * *
The gnoll hits you from afar with a +0 spear.
* * * LOW HITPOINT WARNING * * *
The gnoll completely misses you.
You hit the gnoll.
The gnoll is almost dead.
The gnoll closely misses you. The gnoll hits you with a +0 spear.
You die...

##.. #...
#...######
#........###.
###............
...gg..g...###.
####+##Bg...... #.
#g#.#.### ..#@#.# #
#.#.# . . #.#[#####
#. #.......# ..
##..###.# ###..
#....).######+#.#..
##..#####..........
##............<...
#.....##..........


You could see 3 gnolls and a giant cockroach.

Vanquished Creatures
  A bat (D:1)
  3 goblins
  A hobgoblin (D:1)
  A quokka (D:1)
  2 ball pythons
  2 rats
10 creatures vanquished.

Vanquished Creatures (others)
  2 fungi (D:1)
  A plant (D:1)
3 creatures vanquished.

Grand Total: 13 creatures vanquished

Notes
Turn   | Place    | Note
-------+----------+-------------------------------------------
     0 | D:1      | gelatine the Demonspawn Gladiator began the quest for the
                  | Orb.
     0 | D:1      | Reached XP level 1. HP: 16/16 MP: 1/1
  1138 | D:1      | Found a faded altar of an unknown god.
  1150 | D:1      | Prayed at the altar of an unknown god.
  1150 | D:1      | Became a worshipper of Vehumet
  1150 | D:1      | Reached * piety under Vehumet
  1150 | D:1      | Offered knowledge of Foxfire by Vehumet.
  1238 | D:2      | Gained mutation: You have a pair of small antennae on your
                  | head. [demonic ancestry]
  1238 | D:2      | Reached XP level 2. HP: 15/22 MP: 2/2
  1355 | D:2      | Reached skill level 3 in Dodging
  1365 | D:2      | Slain by a gnoll

Illustrated notes

Levels and vault maps discovered:
D:1:      tarquinn_simple_flora_water_c, layout_loops_corners,
          shapermc_ecumenical_altar_mp_urbaneastern, minmay_misc_feat_room,
          minmay_tromino_i2
D:2:      layout_basic, serial_shops, shop, cheibrodos_gnoll_hut

Skill      XL: |  1  2 |
---------------+-------+-----
Dodging        | 3 |  3.0
Fighting       | |  2.0
Axes           | |  2.8
Throwing       | |  1.8
Armour         | |  0.5
Spellcasting   | |  0.1

Action                   || total
-------------------------++-------
Melee: War axe           ||    43
Armor: Leather armour    ||     7
Dodge: Dodged            ||    35
